 Dungeon Crawl Stone Soup version 0.27.1-1-g398f81649c (webtiles) character file.

Game seed: 7714282396944196165

588 TheGamechu the Sneak (level 7, -5/40 HPs)
             Began as a Kobold Enchanter on Sept 21, 2021.
             Was an Initiate of Kikubaaqudgha.
             Slain by a gnoll (11 damage)
             ... on level 5 of the Dungeon.
             The game lasted 00:24:23 (5736 turns).

TheGamechu the Sneak (Kobold Enchanter)             Turns: 5736, Time: 00:24:23

Health: -5/40      AC:  5    Str: 12    XL:     7   Next: 65%
Magic:  10/10      EV: 20    Int: 18    God:    Kikubaaqudgha [......]
Gold:   168        SH:  0    Dex: 15    Spells: 5/10 levels left

rFire    . . .     SeeInvis .   a - +2 dagger
rCold    + . .     Faith    .   (shield restricted)
rNeg     . . .     Spirit   .   y - +2 robe {rC+}
rPois    .         Reflect  .   (no helmet)
rElec    .         Harm     .   (no cloak)
rCorr    .         Rampage  .   q - +0 pair of gloves
Will     .....                  (no boots)
Stlth    ++++......             r - amulet of magic regeneration
HPRegen  0.13/turn              e - +4 ring of evasion
MPRegen  0.37/turn              h - +6 ring of strength

@: no status effects
A: small, no large weapons, nightstalker 3
a: Renounce Religion


You were on level 5 of the Dungeon.
You worshipped Kikubaaqudgha.
Kikubaaqudgha was noncommittal.
You visited 2 branches of the dungeon, and saw 6 of its levels.

You collected 168 gold pieces.

Inventory:

Hand Weapons
 a - a +2 dagger (weapon)
Armour
 b - a +0 kite shield
 q - a +0 pair of gloves (worn)
 v - a +0 kite shield
 y - a +2 robe of cold resistance (worn)
Jewellery
 e - a +4 ring of evasion (left hand)
 h - a +6 ring of strength (right hand)
 r - an amulet of magic regeneration (around neck)
 u - an amulet of faith
Wands
 t - a wand of charming (10)
Scrolls
 d - 3 scrolls of teleportation
 f - a scroll of fog {unknown}
 g - a scroll of enchant weapon
Potions
 c - 2 potions of mutation {unknown}
 i - a potion of brilliance {unknown}
 j - 2 potions of heal wounds {unknown}
 k - a potion of cancellation {unknown}
 l - 4 potions of might
 m - 2 potions of invisibility {unknown}
 n - 2 potions of haste
 o - 2 potions of lignification
 p - a potion of curing
 s - a potion of flight {unknown}
 x - a potion of berserk rage {unknown}


   Skills:
 - Level 2.2 Fighting
 + Level 3.7 Short Blades
 + Level 4.8 Dodging
 - Level 6.0 Stealth
 - Level 2.1 Spellcasting
 * Level 5.4 Hexes
 + Level 1.4 Necromancy


You had 5 spell levels left.
You knew the following spells:

 Your Spells              Type           Power      Damage    Failure   Level
a - Corona                Hex            23%        N/A       1%          1
b - Ensorcelled Hibernat  Hex/Ice        22%        N/A       9%          2
c - Corpse Rot            Necr/Air       N/A        N/A       21%         2

Your spell library contained the following spells:

 Spells                   Type           Power      Damage    Failure   Level
 Confusing Touch          Hex            21%        N/A       6%          3
 Tukima's Dance           Hex            21%        N/A       6%          3
 Sublimation of Blood     Necr           3%         N/A       16%         2
 Dazzling Flash           Conj/Hex       22%        N/A       19%         3
 Poisonous Vapours        Pois/Air       2%         N/A       26%         2
 Wereblood                Tmut           1%         N/A       26%         2
 Conjure Flame            Conj/Fire      1%         6-21      47%         3
 Ignite Poison            Fire/Tmut/Pois 1%         N/A       47%         3
 Sticky Flame             Conj/Fire      1%         2d3       87%         4
 Freezing Cloud           Conj/Ice/Air   0%         6-21      99%         5
 Summon Hydra             Summ           0%         N/A       100%        7


Dungeon Overview and Level Annotations

Branches:
Dungeon (5/15)             Temple (1/1) D:4

Altars:
Ashenzari
Cheibriados
Dithmenos
Elyvilon
Fedhas
Gozag
Hepliaklqana
Kikubaaqudgha
Makhleb
Nemelex Xobeh
Okawaru
Qazlal
Ru
Sif Muna
Trog
Uskayaw
Wu Jian
Xom
Yredelemnul
Zin

Shops:
D:1 [


Innate Abilities, Weirdness & Mutations

You are small and have problems with some larger weapons.
You are completely attuned to the shadows.


Message History

The gnoll is unaffected.
The white imp sputters.
The gnoll completely misses you.
The gnoll is unaffected.
The gnoll misses you.
The gnoll is unaffected.
The gnoll hits you from afar with a +0 halberd!
The white imp gestures at you. The puff of frost misses you.
The white imp gestures at you. The puff of frost hits you. You resist.
The white imp laughs crazily.
Things that are here:
a +0 spear; a +0 leather armour
There is an open door here.
You close the door.
A gnoll opens the door.
You close the door.
A gnoll opens the door.
You are too injured to fight recklessly!
You hit the white imp.
The white imp is lightly wounded.
The gnoll misses you.
You hit the white imp.
The white imp is moderately wounded.
The white imp completely misses you.
You hit the white imp.
The white imp is moderately wounded.
The gnoll hits you from afar with a +0 halberd!
* * * LOW HITPOINT WARNING * * *
The white imp completely misses you.
You hit the white imp.
The white imp is moderately wounded.
The gnoll misses you.
The white imp hits you but does no damage.
You hit the white imp but do no damage.
The white imp is moderately wounded.
The gnoll misses you. The white imp misses you.
You hit the white imp.
The white imp is severely wounded.
The gnoll hits you from afar with a +0 halberd!
You die...
Kikubaaqudgha rasps: "You have failed me!
Welcome... death!"

............#>....
.###.#############
###.##########..#
#...........#....
#...........#....
#####.###.######..#
##.###.###[######..#
#...#..........)...'
#..@5g.........)...#
########..###..##..###
#..######'###<.##..###
#<..#.....'...#....#.
+...#.....#...'....#.
#...+.....#...#....'.
#####...############.
######...## ####.
..........# #....


You could see a gnoll and a white imp.

Vanquished Creatures
  2 ogres
  A centaur (D:4)
  A scorpion (D:5)
  A gnoll shaman (D:4)
  A hound (D:5)
  An orc wizard (D:4)
  9 gnolls
  An adder (D:2)
  5 dart slugs
  5 orcs
  5 ball pythons
  7 endoplasms
  7 giant cockroaches
  2 goblins
  10 hobgoblins
  4 jackals (D:2)
  2 quokkas
  6 bats
  3 frilled lizards
  6 kobolds
  4 rats
83 creatures vanquished.

Vanquished Creatures (others)
  3 plants (D:1)
3 creatures vanquished.

Grand Total: 86 creatures vanquished

Notes
Turn   | Place    | Note
-------+----------+-------------------------------------------
     0 | D:1      | TheGamechu the Kobold Enchanter began the quest for the
                  | Orb.
     0 | D:1      | Reached XP level 1. HP: 10/10 MP: 3/3
    67 | D:1      | Reached XP level 2. HP: 15/15 MP: 5/5
    70 | D:1      | Learned a level 2 spell: Ensorcelled Hibernation
   216 | D:1      | Reached XP level 3. HP: 19/19 MP: 6/6
   505 | D:1      | Found Wajaxty's Antique Armour Shoppe.
   645 | D:1      | Found a faded altar of an unknown god.
   658 | D:1      | Reached XP level 4. HP: 24/24 MP: 7/7
  2302 | D:2      | Reached skill level 5 in Stealth
  2730 | D:2      | Reached XP level 5. HP: 28/28 MP: 5/8
  3164 | D:2      | Reached skill level 1 in Fighting
  3466 | D:3      | Found a blossoming altar of Fedhas.
  3506 | D:3      | Found a white marble altar of Elyvilon.
  3785 | D:3      | Found an iron altar of Okawaru.
  3785 | D:3      | Found a sacrificial altar of Ru.
  4224 | D:4      | Noticed a centaur
  4229 | D:4      | Killed a centaur
  4230 | D:4      | Reached XP level 6. HP: 35/35 MP: 5/9
  4311 | D:4      | Noticed an ogre
  4497 | D:4      | Killed an ogre
  4498 | D:4      | Reached skill level 6 in Stealth
  4706 | D:4      | Found a staircase to the Ecumenical Temple.
  4715 | Temple   | Entered the Ecumenical Temple
  4974 | Temple   | Became a worshipper of Kikubaaqudgha
  4978 | Temple   | Learned a level 2 spell: Corpse Rot
  5258 | D:5      | Entered Level 5 of the Dungeon
  5323 | D:5      | Reached XP level 7. HP: 40/40 MP: 10/10
  5498 | D:5      | Reached skill level 5 in Hexes
  5543 | D:5      | Reached skill level 1 in Necromancy
  5736 | D:5      | Slain by a gnoll

Illustrated notes

Levels and vault maps discovered:
D:1:      evilmike_arrival_hilbert_curve, layout_loops_corners, serial_shops,
          shop, ebering_ecumenical_altar_box, minmay_misc_feat_tower,
          chequers_big_river, minmay_cut_off
D:2:      wander_river, layout_basic
D:3:      layout_rooms, lemuel_round_altar, mainiacjoe_overflow_small_starburst,
          gammafunk_temple_overflow_elements, st_stairs_6
D:4:      layout_layer_cave, minmay_temple_entry_trees
D:5:      layout_gridville, cheibrodos_sewer_entry_bend, ebering_ghost_sewer_d
Temple:   eino_temple_scatter_basement

Skill      XL: |  1  2  3  4  5  6  7 |
---------------+----------------------+-----
Short Blades   | 2 3 |  3.7
Dodging        | 3 4 |  4.8
Stealth        | 5 6 |  6.0
Fighting       | 1 2 |  2.2
Hexes          | 4 5 |  5.4
Necromancy     | 1 |  1.4
Spellcasting   | |  2.1

Action                   |  1- 3 |  4- 6 |  7- 9 || total
-------------------------+-------+-------+-------++-------
Melee: Dagger            |    45 |   109 |    20 ||   174
 Cast: Ensorcelled Hiber |       |    51 |    19 ||    70
  Use: Potion            |       |     2 |       ||     2
       Scroll            |       |     1 |     7 ||     8
 Stab: Sleeping          |    18 |    43 |     6 ||    67
Armor: Robe              |     2 |    25 |     5 ||    32
Dodge: Dodged            |    19 |   158 |    24 ||   201
